 Dungeon Crawl Stone Soup version 0.21.1-1-g345015f (webtiles) character file.

1491 FizzWizzy the Carver (level 8, 0/71 HPs)
             Began as a Minotaur Abyssal Knight on Apr 30, 2018.
             Was an Elder of Lugonu.
             Killed from afar by Blork the orc (8 damage)
             ... with a puff of frost
             ... on level 6 of the Dungeon.
             The game lasted 00:28:05 (6280 turns).

FizzWizzy the Carver (Minotaur Abyssal Knight)      Turns: 6280, Time: 00:28:05

Health: 0/71       AC:  9    Str: 20    XL:     8   Next: 51%
Magic:  8/8        EV: 13    Int: 11    God:    Lugonu [****..]
Gold:   80         SH:  0    Dex: 11    Spells: 6/7 levels left

rFire    . . .     SeeInvis .   a - +2 falchion
rCold    . . .     Gourm    .   (no shield)
rNeg     . . .     Faith    +   b - +0 leather armour
rPois    .         Spirit   .   (helmet restricted)
rElec    .         Reflect  .   (no cloak)
rCorr    .         Harm     .   (no gloves)
MR       .....                  i - +0 pair of boots
Stlth    ++........             e - amulet of faith
HPRegen  0.61/turn              h - +2 ring of intelligence
MPRegen  0.11/turn              c - +2 ring of protection

@: no status effects
A: retaliatory headbutt, horns 2, thin metallic scales 1, agile 1, regeneration
1
a: Depart the Abyss, Bend Space, Banish, Corrupt, Renounce Religion


You were on level 6 of the Dungeon.
You worshipped Lugonu.
Lugonu was greatly pleased with you.
You were not hungry.

You visited 1 branch of the dungeon, and saw 6 of its levels.
You visited the Abyss 1 time.

You collected 190 gold pieces.
You spent 110 gold pieces at shops.

Inventory:

Hand Weapons
 a - a +2 falchion (weapon)
Missiles
 r - 5 needles of sleeping
 s - 14 poisoned needles
 y - 40 bolts
Armour
 b - a +0 leather armour (worn)
 i - a +0 pair of boots (worn)
Jewellery
 c - a +2 ring of protection (right hand)
 e - an amulet of faith (around neck)
 h - a +2 ring of intelligence (left hand)
 u - an uncursed ring of protection from magic {unknown}
Wands
 t - a wand of clouds (3)
 x - a wand of iceblast (15)
Scrolls
 d - a scroll of remove curse
 g - a scroll of fog
 j - 3 scrolls of amnesia
 k - a scroll of blinking
 l - 4 scrolls of identify
 o - a scroll of teleportation
Potions
 f - 2 potions of mutation
 p - a potion of degeneration {unknown}
 q - a potion of haste {unknown}
 w - 2 potions of ambrosia {unknown}
 z - a potion of invisibility {unknown}
 A - a potion of curing
 B - a potion of lignification {unknown}
Books
 n - a book of Minor Magic

   Spells                             Type                      Level
   a - Magic Dart                     Conjuration                  1
   b - Blink                          Translocation                2
   c - Call Imp                       Summoning                    2
   d - Slow                           Hexes                        2
   e - Conjure Flame                  Conjuration/Fire             3
   f - Mephitic Cloud                 Conjuration/Poison/Air       3
 v - a book of Callings

   Spells                             Type                      Level
   a - Summon Small Mammal            Summoning                    1
   b - Call Imp                       Summoning                    2
   c - Call Canine Familiar           Summoning                    3
   d - Summon Guardian Golem          Hexes/Summoning              3
   e - Summon Lightning Spire         Summoning/Air                4
   f - Summon Ice Beast               Ice/Summoning                4
Comestibles
 m - 3 rations


   Skills:
 + Level 6.8 Fighting
 + Level 8.6 Long Blades
 + Level 5.6 Armour
 + Level 4.2 Dodging
 + Level 2.1 Stealth
 + Level 2.2 Invocations


You had 6 spell levels left.
You knew the following spells:

 Your Spells              Type           Power        Failure   Level  Hunger
a - Magic Dart            Conj           #...         38%         1    ##.....


Dungeon Overview and Level Annotations

Branches:
Dungeon (6/15)
 Temple: D:4-7

Altars:
Ashenzari
Kikubaaqudgha
Sif Muna

Shops:
D:4 *

Annotations:
D:6 Blork the orc; lomky's ghost, novice DrTm


Innate Abilities, Weirdness & Mutations

You reflexively headbutt those who attack you in melee.
You have a pair of horns on your head.
You are partially covered in thin metallic scales. (AC +2)
You are agile. (Dex +2)
Your natural rate of healing is unusually fast.


Message History

Something hits you.
* * * LOW HITPOINT WARNING * * *
You miss something. Lomky's ghost hits you.
* * * LOW HITPOINT WARNING * * *
A hippogriff comes into view.
The hippogriff screeches!
You hear an angry hiss.
You hear some strange, mumbled words.
A puff of frost appears from out of thin air!
The puff of frost hits you!
* * * LOW HITPOINT WARNING * * *
Lomky's ghost closely misses you. You furiously retaliate!
You headbutt lomky's ghost, but do no damage.
Something hits you.
* * * LOW HITPOINT WARNING * * *
Lomky's ghost hits you but does no damage.
You barely miss something.
You hear some strange, mumbled words.
A puff of frost appears from out of thin air!
The puff of frost hits you!
You die...

..... #.....
......
########## ....
#........#
##...
#........# #h.#
#........###W##
####.##....@{.#
#.###.†###h#
#....<####...
####....###...#
#..>......H..
#.....>.......
#.............
#########..#..


You could see a hippogriff, a howler monkey, a hound and lomky's ghost.

Vanquished Creatures
  Pikel (D:4)
  Grinder (D:5)
  Eustachio (D:5)
  A sky beast (D:4)
  4 slaves (D:4)
  2 bullfrogs (D:6)
  A scorpion (D:5)
  A crimson imp (D:6)
  An orc priest (D:3)
  2 hounds (D:5)
  A bullfrog skeleton (D:5)
  Terence (D:2)
  Robin (D:2)
  3 adders
  4 gnolls
  A shadow imp (D:5)
  2 oozes (D:3)
  5 worms
  A dart slug (D:3)
  5 leopard geckos
  20 orcs
  4 giant cockroaches
  14 goblins
  9 hobgoblins
  4 jackals (D:3)
  6 kobolds
  2 quokkas (D:2)
  12 bats
  3 frilled lizards
  A quokka skeleton (D:6)
  9 rats
  3 fungi (D:4)
126 creatures vanquished.

Notes
Turn   | Place    | Note
-------+----------+-------------------------------------------
     0 | Abyss:1  | FizzWizzy the Minotaur Abyssal Knight began the quest for the Orb.
     0 | Abyss:1  | Reached XP level 1. HP: 19/19 MP: 1/1
    73 | Abyss:1  | Noticed a large abomination
    79 | D:1      | Escaped the Abyss
   164 | D:1      | Reached * piety under Lugonu
   175 | D:1      | Reached XP level 2. HP: 5/27 MP: 2/2
   634 | D:1      | Reached skill level 3 in Long Blades
  1295 | D:2      | Noticed Robin
  1296 | D:2      | Reached XP level 3. HP: 33/33 MP: 3/3
  1304 | D:2      | Killed Robin
  1413 | D:2      | Reached ** piety under Lugonu
  1548 | D:2      | Noticed Terence
  1559 | D:2      | Killed Terence
  1559 | D:2      | Reached XP level 4. HP: 33/41 MP: 4/4
  1585 | D:2      | Found a deep blue altar of Sif Muna.
  3427 | D:3      | Reached *** piety under Lugonu
  3432 | D:3      | Reached XP level 5. HP: 44/47 MP: 5/5
  3690 | D:3      | Reached skill level 4 in Long Blades
  3721 | D:3      | Reached skill level 5 in Fighting
  4409 | D:4      | Found Wopuo's General Store.
  4423 | D:3      | HP: 2/48 [poisoned by a gnoll]
  4424 | D:3      | Gained mutation: You are partially covered in thin metallic scales. (AC +2) [potion of mutation]
  4424 | D:3      | Gained mutation: You are agile. (Dex +2) [potion of mutation]
  4424 | D:3      | Gained mutation: Your natural rate of healing is unusually fast. [potion of mutation]
  4500 | D:4      | Reached skill level 1 in Stealth
  4512 | D:4      | Bought a ration for 55 gold pieces
  4512 | D:4      | Bought a ration for 55 gold pieces
  4728 | D:4      | Noticed a sky beast
  4747 | D:4      | Killed a sky beast
  4747 | D:4      | Reached skill level 5 in Long Blades
  4747 | D:4      | Reached XP level 6. HP: 27/56 MP: 6/6
  4810 | D:4      | Found a shattered altar of Ashenzari.
  4850 | D:4      | Noticed a slave
  4850 | D:4      | Noticed a slave
  4851 | D:4      | Noticed Pikel
  4851 | D:4      | Noticed a slave
  4852 | D:4      | Noticed a slave
  4866 | D:4      | Killed a slave
  4872 | D:4      | Killed a slave
  4878 | D:4      | Killed a slave
  4879 | D:4      | Killed a slave
  4893 | D:4      | Killed Pikel
  4893 | D:4      | Reached skill level 7 in Long Blades
  4893 | D:4      | Reached XP level 7. HP: 6/63 MP: 7/7
  4900 | D:4      | Found an ancient bone altar of Kikubaaqudgha.
  4963 | D:4      | Found a shattered altar of Ashenzari.
  5412 | D:5      | Entered Level 5 of the Dungeon
  5414 | D:5      | Noticed Grinder
  5426 | D:5      | Paralysed by Grinder for 4 turns
  5437 | D:5      | Killed Grinder
  5437 | D:5      | Reached skill level 5 in Armour
  5437 | D:5      | Reached XP level 8. HP: 12/70 MP: 8/8
  5753 | D:5      | Reached **** piety under Lugonu
  5853 | D:5      | Noticed Eustachio
  5897 | D:5      | Killed Eustachio
  5897 | D:5      | Reached skill level 8 in Long Blades
  6084 | D:5      | Learned a level 1 spell: Magic Dart
  6255 | D:6      | Noticed lomky's ghost (novice DrTm)
  6262 | D:6      | Noticed Blork the orc
  6278 | D:6      | Noticed a hippogriff
  6280 | D:6      | Killed from afar by Blork the orc

Skill      XL: |  1  2  3  4  5  6  7  8 |
---------------+-------------------------+-----
Invocations    | 2 |  2.2
Long Blades    | 3 5 7 8 |  8.6
Fighting       | 4 5 6 |  6.8
Armour         | 3 4 5 |  5.6
Dodging        | 2 3 4 |  4.2
Stealth        | 1 2 |  2.1

Action                   |  1- 3 |  4- 6 |  7- 9 || total
-------------------------+-------+-------+-------++-------
Melee: Falchion          |    61 |   165 |   121 ||   347
       Headbutt          |     9 |    25 |    33 ||    67
Invok: Depart the Abyss  |     1 |       |       ||     1
       Bend Space        |       |       |     1 ||     1
  Use: Scroll            |     2 |     2 |     3 ||     7
       Potion            |       |     4 |       ||     4
  Eat: Ration            |     1 |     3 |     1 ||     5
Armor: Leather armour    |    32 |    71 |    34 ||   137
Dodge: Dodged            |    43 |   139 |    88 ||   270
       Rpst.: Falchion   |    10 |    36 |    29 ||    75
